 Dungeon Crawl Stone Soup version 0.31-a0-955-gcb8bc90ed4 (webtiles) character file.

Game seed: 9427657366697068798

19 Morbidden the Trooper (level 2, 24/24 HPs)
             Began as a Demonspawn Fighter on Oct 22, 2023.
             Quit the game on level 1 of the Dungeon.
             The game lasted 00:00:18 (276 turns).

Morbidden the Trooper (Demonspawn Fighter)           Turns: 276, Time: 00:00:19

Health: 24/24      AC:  8    Str: 16    XL:     2   Next: 55%
Magic:  2/2        EV:  8    Int:  9    God:
Gold:   52         SH:  4    Dex: 12    Spells: 1/1 levels left

rFire   . . .        a - +0 war axe
rCold   . . .        c - +0 buckler
rNeg    . . .        b - +0 scale mail
rPois   .            (no helmet)
rElec   .            (no cloak)
rCorr   .            (no gloves)
SInv    .            (no boots)
Will    .....        (no amulet) Stlth
                     (no ring)
HPRegen 0.24/turn    (no ring)
MPRegen 0.08/turn

%: no passive effects
@: no status effects
A: molten scales 1
a: no special abilities


You were on level 1 of the Dungeon.
You visited 1 branch of the dungeon, and saw 1 of its levels.

You collected 52 gold pieces.

Inventory:

Hand Weapons
 a - a +0 war axe (weapon)
Armour
 b - a +0 scale mail (worn)
 c - a +0 buckler (worn)
Scrolls
 e - a scroll of identify {unknown}
Potions
 d - a potion of might
 f - a potion of magic {unknown}
 g - a potion of degeneration {unknown}
 h - a potion of enlightenment {unknown}
 i - a potion of attraction {unknown}


   Skills:
 * Level 3.1 Fighting
 * Level 2.0 Axes
 * Level 3.0 Armour
 * Level 0.1 Dodging
 * Level 3.0 Shields
 * Level 0.1 Spellcasting


You had one spell level left.
You didn't know any spells.
Your spell library was empty.

Dungeon Overview and Level Annotations

Branches:
Dungeon (1/15)

Altars:


Innate Abilities, Weirdness & Mutations

You are partially covered in molten scales. (AC +2)


Message History

The jackal closely misses you.
Unknown command.
You slash the jackal!
You kill the jackal!
You barely miss the jackal.
The jackal bites you but does no damage. x2
The jackal closely misses you.
Your Axes skill increases to level 2!
There are monsters nearby!
Unknown command.
You slash the jackal!
You kill the jackal!
You hit the ball python.
You kill the ball python!
You hit the jackal.
The jackal bites you but does no damage.
The jackal misses you.
Your Shields skill increases to level 3!
A jackal is nearby!
Unknown command.
You slash the jackal!
You kill the jackal!
Your Armour skill increases to level 3!
No target in view!
No target in view!
No target in view!
h - a cyan potion No target in view!
Unknown command.
Key pressed, stopping explore.
No target in view!
Unknown command.
You see here a ball python corpse.
i - a murky amethyst potion No target in view!
You now have 52 gold pieces (gained 16).
A kobold comes into view. It is wielding a +0 club.
The kobold shouts!
A kobold is nearby!
Are you sure you want to abandon this character and quit the game? (Confirm with "yes".)

≈≈≈≈#.....#≈≈..#
#.#
≈≈≈≈#.#..##≈≈.##
#.#
.≈≈≈###.#.##..#
#.#
..≈≈≈≈####...##
#.#
#...≈≈≈≈≈...##
...
###........##
#######..# .
#.##########..K.
#.......@....#
##############


You could see a kobold.

Vanquished Creatures
  A dart slug (D:1)
  2 ball pythons (D:1)
  2 endoplasms (D:1)
  2 hobgoblins (D:1)
  4 jackals (D:1)
  A kobold (D:1)
  2 bats (D:1)
14 creatures vanquished.

Notes
Turn   | Place    | Note
-------+----------+-------------------------------------------
     0 | D:1      | Morbidden the Demonspawn Fighter began the quest for the
                  | Orb.
     0 | D:1      | Reached XP level 1. HP: 18/18 MP: 1/1
    41 | D:1      | Gained mutation: You are partially covered in molten
                  | scales. (AC +2) [demonic ancestry]
    41 | D:1      | Reached XP level 2. HP: 14/24 MP: 2/2
   276 | D:1      | Quit the game

Illustrated notes

Levels and vault maps discovered:
D:1:      ncdulo_watergridlock, layout_loops_ring, grunt_decor_junction,
          minmay_pentomino_t4

Skill      XL: |  1  2 |
---------------+-------+-----
Axes           | 2 |  2.0
Shields        | 3 |  3.0
Armour         | 3 |  3.0
Fighting       | |  3.1
Dodging        | |  0.1
Spellcasting   | |  0.1

Action                     || total
---------------------------++-------
  Melee: War axe           ||    25
 Armour: Scale mail        ||    32
  Dodge: Dodged            ||    11
  Block: Buckler           ||     7

Table legend: (Time is in decaauts)
 A = Elapsed time spent in this place.
 B = Non-inter-level travel time spent in this place.
 C = Inter-level travel time spent in this place.
 D = Time resting spent in this place.
 E = Time spent auto-exploring this place.
 F = Levels seen in this place.
 G = Mean time per level.
                   A        B        C        D        E       F      G
               +--------+--------+--------+--------+--------+-----+--------+
         Total |    288 |    288 |      0 |      0 |    230 |   1 |  288.0 |
       Dungeon |    288 |    288 |      0 |      0 |    230 |   1 |  288.0 |
               +--------+--------+--------+--------+--------+-----+--------+

Top non-repeatable levels by time:
     D:1: 288 daAuts
